 Dungeon Crawl Stone Soup version 0.29-a0-520-gc852659d43 (webtiles) character file.

Game seed: 8022218457529049182

1985 bande the Chopper (level 9, 55/55 HPs)
             Began as a Gargoyle Fighter on May 30, 2022.
             Was an Initiate of Okawaru.
             Quit the game on level 6 of the Dungeon on May 31, 2022.
             The game lasted 00:12:02 (6307 turns).

bande the Chopper (Gargoyle Fighter)                Turns: 6307, Time: 00:12:03

Health: 55/55      AC: 25    Str: 20    XL:     9   Next: 21%
Magic:  10/10      EV:  6    Int:  9    God:    Okawaru [......]
Gold:   350        SH:  5    Dex: 13    Spells: 8/8 levels left

rFire   . . .      SeeInvis .   a - +0 war axe (venom)
rCold   . . .      Faith    .   c - +0 buckler
rNeg    + . .      Spirit   .   m - +0 plate armour
rPois   ∞          Reflect  .   (no helmet)
rElec   +          Harm     .   t - +1 cloak
rCorr   +          Rampage  .   (no gloves)
Will    .....                   l - +2 pair of boots {Stlth+}
Stlth   ..........              (no amulet)
HPRegen 0.18/turn               i - ring of resist corrosion
MPRegen 0.12/turn               (no ring)

@: no status effects
A: sickness immunity, AC +6, negative energy resistance 1, electricity
resistance, torment resistance 1, petrification resistance, claws 1, hooves 1,
deterioration 2
a: Renounce Religion


You were on level 6 of the Dungeon.
You worshipped Okawaru.
Okawaru was noncommittal.
You visited 1 branch of the dungeon, and saw 8 of its levels.

You collected 350 gold pieces.

Inventory:

Hand Weapons
 a - a +0 war axe of venom (weapon)
 u - a +2 mace of holy wrath
Armour
 c - a +0 buckler (worn)
 l - a +2 pair of boots of stealth (worn)
 m - a +0 plate armour (worn)
 t - a +1 cloak (worn)
Jewellery
 i - a ring of resist corrosion (left claw)
 p - an amulet of faith
Wands
 s - a wand of flame (22)
 w - a wand of polymorph (12)
Scrolls
 g - a scroll of fog
 o - a scroll of blinking
 q - 4 scrolls of identify
 r - a scroll of poison
 x - 2 scrolls of teleportation
Potions
 b - 3 potions of haste
 d - 2 potions of might
 e - 5 potions of brilliance
 f - 2 potions of curing
 k - a potion of berserk rage
 n - a potion of flight


   Skills:
 + Level 5.7 Fighting
 + Level 7.1 Axes
 + Level 6.7 Armour
 - Level 0.1 Dodging
 + Level 4.9 Shields
 * Level 1.8 Invocations
 * Level 3.7 Evocations


You had 8 spell levels left.
You didn't know any spells.
Your spell library contained the following spells:

 Spells                   Type           Power      Damage    Failure   Level
 Orb of Destruction       Conj           0%         9d5       100%        7
 Summon Guardian Golem    Hex/Summ       Unusable   N/A       N/A         3
 Spellforged Servitor     Conj/Summ      Unusable   N/A       N/A         7

Dungeon Overview and Level Annotations

Branches:
Dungeon (8/15)               Lair (0/6) D:8
 Temple: D:4-7

Altars:
Ashenzari
Fedhas
Makhleb
Okawaru
Qazlal
Vehumet
The Shining One


Innate Abilities, Weirdness & Mutations

You are immune to sickness and miasma.
Your stone body is resilient. (AC +6)
You are immune to poison.
You resist negative energy. (rN+)
You are resistant to electric shocks. (rElec)
You are resistant to unholy torment.
You are immune to petrification.
You have sharp fingernails.
You have large cloven feet.
Your body often deteriorates upon taking damage.


Message History

There is a stone staircase leading up here.
You barely miss the orc priest. The orc priest barely misses you.
You slash the orc priest!
The orc priest is poisoned.
The orc priest is severely wounded.
The orc priest begins to cast a cantrip, but forgets the words!
The orc priest hits you with a +0 club.
You closely miss the orc priest.
The orc priest is almost dead.
The orc priest hits you but does no damage.
You closely miss the orc priest.
The orc priest is almost dead.
You kill the orc priest!
Okawaru accepts your kill.
HP restored.
Things that are here:
a +0 club; an orc corpse
Things that are here:
a +0 plate armour; a +0 long sword
m - a +0 plate armour You start removing your armour.
You continue taking off your +0 chain mail. x4
You finish taking off your +0 chain mail.
You start putting on your armour.
You continue putting on your +0 plate armour. x5
You finish putting on your +0 plate armour.
You drop a +0 chain mail.
Okay, then.
Unknown command.
You drop a potion of attraction.
Really quaff the potion of mutation?
You feel extremely strange.
You feel yourself wasting away.
Your fingernails lengthen.
You feel your body start to fall apart.
You feel a hidden potential growing inside you.
Really quaff the potion of mutation?
You feel extremely strange.
Your fingernails shrink to normal size.
You no longer feel a hidden potential within.
Your fingernails lengthen.
Your feet thicken and deform.
Are you sure you want to abandon this character and quit the game? (Confirm with "yes".)

.......[...... .. ##..(.#.....
...........#.# ##.##..........P
....#......#.###..#............
.....#.........#..##..........
....).............#.......... .
..............##..........# ...
...........#..# #........#.....
...........W..###..).<........##
..>.....#.....##@......#........
.......###.............#.......
.....#####.####..##..........#.
.#.#. #...# #..##..........# ##
..#...###...###..............##..
#...#...........#................
.....##..####................
#.### #.........####......... ..
............###.#.......


There were no monsters in sight!

Vanquished Creatures
  A troll (D:8)
  A black bear (D:6)
  An orc warrior (D:6)
  An ogre (D:5)
  A wolf (D:8)
  3 phantoms
  A kobold brigand (D:8)
  A necrophage (D:8)
  2 scorpions
  2 wights (D:6)
  An electric eel (D:8)
  3 howler monkeys
  6 hounds
  4 orc priests
  4 iguanas
  3 orc wizards (D:8)
  10 adders
  2 ufetubi (D:5)
  3 dart slugs
  14 orcs
  7 ball pythons
  5 bats
  10 endoplasms
  3 giant cockroaches
  6 goblins
  8 hobgoblins
  5 quokkas
  5 frilled lizards
  8 kobolds
  3 rats
124 creatures vanquished.

Vanquished Creatures (others)
  4 plants (D:4)
4 creatures vanquished.

Grand Total: 128 creatures vanquished

Notes
Turn   | Place    | Note
-------+----------+-------------------------------------------
     0 | D:1      | bande the Gargoyle Fighter began the quest for the Orb.
     0 | D:1      | Reached XP level 1. HP: 14/14 MP: 1/1
   153 | D:1      | Reached XP level 2. HP: 14/19 MP: 2/2
   575 | D:1      | Reached skill level 2 in Axes
   716 | D:1      | Reached XP level 3. HP: 20/23 MP: 3/3
   808 | D:1      | Found a faded altar of an unknown god.
  1405 | D:2      | Identified a scroll of acquirement
  1405 | D:2      | Acquired a +2 pair of boots of stealth
  1507 | D:2      | Reached XP level 4. HP: 28/29 MP: 4/4
  1777 | D:3      | Found a blossoming altar of Fedhas.
  1839 | D:3      | Reached skill level 3 in Axes
  1945 | D:3      | Noticed a phantom
  1964 | D:3      | Killed a phantom
  1965 | D:3      | Reached XP level 5. HP: 33/33 MP: 5/5
  2186 | D:3      | Found a glowing golden altar of the Shining One.
  2733 | D:4      | Reached skill level 4 in Axes
  2733 | D:4      | Reached XP level 6. HP: 35/38 MP: 6/6
  2874 | D:4      | Found a broken altar of Ashenzari.
  3221 | D:4      | Identified the +9 long sword of Bloody Death {vorpal, *Slow
                  | rC+ rN+ Int+5}
  3546 | D:4      | Found a stormy altar of Qazlal.
  4140 | D:5      | Entered Level 5 of the Dungeon
  4167 | D:5      | Reached skill level 5 in Armour
  4167 | D:5      | Reached skill level 1 in Evocations
  4200 | D:5      | Reached XP level 7. HP: 41/44 MP: 7/7
  4421 | D:5      | Reached skill level 5 in Axes
  4656 | D:6      | You fall into a shaft and drop 2 floors!
  4705 | D:8      | Reached XP level 8. HP: 40/48 MP: 8/8
  4709 | D:8      | Noticed a troll
  4722 | D:8      | Reached skill level 5 in Fighting
  4730 | D:8      | HP: 2/49 [troll (4)]
  4732 | D:8      | Upgraded the game from 0.29-a0-512-gf59ac788ac to
                  | 0.29-a0-520-gc852659d43
  4732 | D:8      | Killed a troll
  4733 | D:8      | Reached skill level 6 in Axes
  5036 | D:8      | Found a staircase to the Lair.
  5158 | D:8      | Found an iron altar of Okawaru.
  5168 | D:8      | Became a worshipper of Warmaster Okawaru
  5177 | D:8      | Found a burning altar of Makhleb.
  5253 | D:6      | Reached skill level 1 in Invocations
  5253 | D:6      | Reached XP level 9. HP: 31/54 MP: 9/9
  5608 | D:6      | Found a radiant altar of Vehumet.
  5626 | D:6      | HP: 2/54 [orc priest/divine providence (16)]
  5927 | D:5      | Reached skill level 7 in Axes
  6305 | D:6      | Gained mutation: Your body sometimes deteriorates upon
                  | taking damage. [potion of mutation]
  6305 | D:6      | Gained mutation: You have sharp fingernails. [potion of
                  | mutation]
  6305 | D:6      | Gained mutation: Your body often deteriorates upon taking
                  | damage. [potion of mutation]
  6305 | D:6      | Gained mutation: You have hidden genetic potential. [potion
                  | of mutation]
  6306 | D:6      | Lost mutation: You have sharp fingernails. [potion of
                  | mutation]
  6306 | D:6      | Lost mutation: You have hidden genetic potential. [potion
                  | of mutation]
  6306 | D:6      | Gained mutation: You have sharp fingernails. [potion of
                  | mutation]
  6306 | D:6      | Gained mutation: You have large cloven feet. [potion of
                  | mutation]
  6307 | D:6      | Quit the game

Illustrated notes

Levels and vault maps discovered:
D:1:      mrwooster_arrival_statue_3, layout_basic,
          hellmonk_ecumenical_altar_leap_of_faith
D:2:      layout_basic, minivault_19, kennysheep_big_empty_room
D:3:      layout_rooms, tso_metal_star, overflow_temple_1_default
D:4:      layout_layer_cave, nicolae_overflow_hidden_temple,
          nicolae_ashenzari_panopticon, serial_forest,
          infiniplex_forest_lined_2, infiniplex_forest_lined_room_2,
          infiniplex_forest_straight_1, infiniplex_forest_clump_C,
          infiniplex_forest_straight_4, infiniplex_forest_end_1,
          infiniplex_forest_diagonal
D:5:      layout_cave_pools, hangedman_decor_peaks_small
D:6:      layout_cave_pools, mainiacjoe_overflow_catwalk,
          mainiacjoe_overflow_brackets, serial_park, serial_park_tiny_1,
          serial_park_square3 [serial_park_minivault_5x5_4], hex_tiny,
          minivault_19
D:7:      layout_loops_ring, nzn_hepliaklqana_mist_gate,
          amethyst_overflow_temple_binary, minmay_temple_entry_poolview,
          uniq_crazy_yiuf_cottage
D:8:      layout_gridville, mainiacjoe_overflow_alcove_4, okawaru_gym_becter,
          lemuel_doored_altar, erik_lair_island, grunt_decor_clamped,
          corner_web_ring

Skill      XL: |  1  2  3  4  5  6  7  8  9 |
---------------+----------------------------+-----
Axes           | 2 3 4 5 6 7 |  7.1
Armour         | 4 5 6 |  6.7
Fighting       | 4 5 |  5.7
Shields        | 4 |  4.9
Evocations     | 1 2 3 |  3.7
Invocations    | 1 |  1.8
Dodging        | |  0.1

Action                   |  1- 3 |  4- 6 |  7- 9 || total
-------------------------+-------+-------+-------++-------
Melee: War axe           |   131 |   126 |   135 ||   392
  Use: Scroll            |     7 |    10 |     3 ||    20
       Potion            |       |       |     7 ||     7
Armor: Scale mail        |    96 |       |       ||    96
       Chain mail        |       |    93 |   162 ||   255
Dodge: Dodged            |    86 |    52 |    73 ||   211
Block: Buckler           |    28 |    23 |    47 ||    98

Table legend: (Time is in decaauts)
 A = Elapsed time spent in this place.
 B = Non-inter-level travel time spent in this place.
 C = Inter-level travel time spent in this place.
 D = Time resting spent in this place.
 E = Time spent auto-exploring this place.
 F = Levels seen in this place.
 G = Mean time per level.
                   A        B        C        D        E       F      G
               +--------+--------+--------+--------+--------+-----+--------+
         Total |   6443 |   6333 |    110 |   1321 |   3682 |   8 |  805.4 |
       Dungeon |   6443 |   6333 |    110 |   1321 |   3682 |   8 |  805.4 |
               +--------+--------+--------+--------+--------+-----+--------+

Top non-repeatable levels by time:
     D:4: 1701 daAuts
     D:5: 1488 daAuts
     D:1: 961 daAuts
     D:2: 874 daAuts
     D:3: 696 daAuts
     D:8: 547 daAuts
     D:6: 133 daAuts
     D:7: 41 daAuts
